 Dungeon Crawl Stone Soup version 0.32-a0-131-g9dbbe29261 (webtiles) character file.

Game seed: 7217993260215854806

73118 jestert79 the Brawler (level 15, -5/149 HPs)
             Began as a Troll Brigand on Feb 8, 2024.
             Was the Champion of Makhleb.
             Slain by a white ugly thing (9 damage)
             ... on level 14 of the Dungeon.
             The game lasted 01:07:57 (20923 turns).

jestert79 the Brawler (Troll Brigand)              Turns: 20923, Time: 01:07:57

Health: -5/149     AC: 14    Str: 27    XL:     15   Next: 3%
Magic:  0/22       EV: 17    Int: 18    God:    Makhleb [******]
Gold:   1594       SH:  0    Dex: 13    Spells: 14/14 levels left

rFire   + .          .
                       - Unarmed
rCold   . . .        R - orb {light}
rNeg    . . .        a - +0 acid dragon scales
rPois   .            q - +2 hat
rElec   .            V - +2 cloak of Athuwur {rF+ Int+5}
rCorr   +            (gloves unavailable)
SInv    .            (boots unavailable)
Will    ++...        r - amulet of guardian spirit
Stlth   +            u - +5 ring of evasion
HPRegen 1.24/turn    b - ring of Irrizxu {Will+ Int+6}
MPRegen 0.18/turn

%: guardian spirit
@: lethally poisoned (-5 -> -30), glowing
A: large, unfitting armour, claws 3, regeneration 1, shaggy fur 1, tough skin 1
a: Renounce Religion, Minor Destruction, Lesser Servant of Makhleb, Major
Destruction, Greater Servant of Makhleb


You were on level 14 of the Dungeon.
You worshipped Makhleb.
Makhleb was exalted by your worship.
You visited 4 branches of the dungeon, and saw 22 of its levels.

You collected 3407 gold pieces.
You spent 1813 gold pieces at shops.

Inventory:

Missiles
 d - 19 poisoned darts
 e - 10 curare-tipped darts
 f - 155 stones
 l - 8 large rocks (quivered)
 o - 7 atropa-tipped darts
 w - 26 boomerangs
 M - 4 datura-tipped darts
Armour
 a - +0 acid dragon scales (worn)
 q - a +2 hat (worn)
 R - an orb of light (worn)
 V - the +2 cloak of Athuwur (worn) {rF+ Int+5}
   (You bought it in a shop on level 2 of the Orcish Mines)

   Int+5:     It affects your intelligence (+5).
   rF+:       It protects you from fire.
 W - a +0 tower shield of protection
Jewellery
 b - the ring of Irrizxu (right claw) {Will+ Int+6}
   (You bought it in a shop on level 7 of the Dungeon)

   [ring of willpower]

   Int+6:     It affects your intelligence (+6).
   Will+:     It increases your willpower.
 g - a ring of poison resistance
 h - a ring of see invisible
 r - an amulet of guardian spirit (around neck)
 u - a +5 ring of evasion (left claw)
 v - an amulet of the acrobat
 z - a ring of protection from fire
 J - a ring of resist corrosion
 Q - a ring of protection from cold
Wands
 j - a wand of roots (20)
 D - a wand of flame (39)
 F - a wand of mindburst (3)
 G - a wand of polymorph (2)
 P - a wand of digging (12)
Scrolls
 c - a scroll of vulnerability
 i - 4 scrolls of teleportation
 m - 2 scrolls of fog
 y - 7 scrolls of identify
 C - 2 scrolls of revelation
 E - 4 scrolls of silence
 K - 2 scrolls of immolation
 O - a scroll of enchant weapon
 S - 2 scrolls of brand weapon
 T - a scroll of summoning
Potions
 k - a potion of enlightenment
 n - 6 potions of curing
 p - a potion of might
 s - 5 potions of attraction
 t - 7 potions of berserk rage
 x - 2 potions of brilliance
 A - 3 potions of heal wounds
 B - 2 potions of invisibility
 H - a potion of haste
 I - a potion of mutation
 L - 4 potions of lignification
 N - 2 potions of magic
 U - a potion of resistance


   Skills:
 - Level 10.3 Fighting
 - Level 1.5 Short Blades
 - Level 8.4 Throwing
 - Level 4.0 Armour
 - Level 8.0 Dodging
 - Level 2.1 Stealth
 * Level 2.5 Shields
 + Level 16.0 Unarmed Combat
 - Level 11.0 Invocations


You had 14 spell levels left.
You didn't know any spells.
Your spell library contained the following spells:

 Spells                   Type           Power      Damage    Failure   Level
 Freeze                   Ice            0%         1d3       26%         1
 Sting                    Conj/Alch      0%         1d3       26%         1
 Blink                    Tloc           0%         N/A       36%         2
 Cigotuvi's Dreadful Rot  Necr/Alch/Air  0%         N/A       36%         2
 Lesser Beckoning         Tloc           0%         N/A       36%         2
 Mercury Vapours          Alch/Air       0%         N/A       36%         2
 Momentum Strike          Conj/Tloc      0%         3d8       36%         2
 Static Discharge         Conj/Air       0%         3-3/arc   36%         2
 Frozen Ramparts          Ice            0%         1d1       61%         3
 Hailstorm                Conj/Ice       0%         3d5       61%         3
 Airstrike                Air            0%         2d(0-16)  95%         4
 Anguish                  Hex/Necr       0%         N/A       95%         4
 Cause Fear               Hex            0%         N/A       95%         4
 Dispel Undead            Necr           0%         3d6       95%         4
 Manifold Assault         Tloc           0%         N/A       95%         4
 Martyr's Knell           Necr/Summ      0%         N/A       95%         4
 Olgreb's Toxic Radiance  Alch           0%         N/A       95%         4
 Summon Lightning Spire   Summ/Air       0%         N/A       95%         4
 Death Channel            Necr           0%         N/A       100%        6
 Dispersal                Tloc           0%         N/A       100%        6
 Enfeeble                 Hex            0%         N/A       100%        7
 Disjunction              Tloc           0%         N/A       100%        8


Dungeon Overview and Level Annotations

Branches:
Dungeon (14/15)            Temple (1/1) D:4            Lair (5/5) D:10
  Swamp (0/4) Lair:3        Snake (0/4) Lair:2        Slime (0/5) Lair:4
    Orc (2/2) D:10            Elf (0/3) Orc:2
 Vaults: D:13-14

Altars:
Ashenzari
Cheibriados
Dithmenos
Elyvilon
Gozag
Hepliaklqana
Kikubaaqudgha
Makhleb
Nemelex Xobeh
Qazlal
Ru
Sif Muna
Trog
Uskayaw
Vehumet
Wu Jian
Yredelemnul
Zin
The Shining One
Jiyva

Shops:
D:7 ((=[!   Orc:2 =**=[

Annotations:
D:5 2 transporters, zeratav's ghost, novice OpSh
D:10 exclusion: Urug
D:14 Nessos


Innate Abilities, Weirdness & Mutations

You are too large for most types of armour.
You have claws for hands.
Your natural rate of healing is unusually fast.
You are covered in fur. (AC +1)
You have tough skin. (AC +1)


Message History

Nessos shoots an arrow.
The arrow completely misses you.
You hear a shout!
Unknown command.
Unknown command.
Unknown command.
Unknown command.
Unknown command.
As you read the scroll of fog, it dissolves into smoke.
You feel very sick.
Nessos shoots an arrow.
The arrow hits you!
* * * LOW HITPOINT WARNING * * *
The arrow burns you.
You are more poisoned.
* * * LOW HITPOINT WARNING * * *
The white ugly thing tentacle-slaps you.
* * * LOW HITPOINT WARNING * * *
The white ugly thing freezes you!
* * * LOW HITPOINT WARNING * * *
Nessos intently looks at you, slowly moving their tail.
Nessos shoots an arrow.
The arrow completely misses you.
Unknown command.
Unknown command.
Unknown command.
Unknown command.
You feel much better.
You feel extremely sick.
The white ugly thing tentacle-slaps you but does no damage.
Nessos shoots an arrow.
The arrow hits you!
* * * LOW HITPOINT WARNING * * *
The arrow burns you.
You are more poisoned.
* * * LOW HITPOINT WARNING * * *
A cyclops comes into view.
Unknown command.
Unknown command.
* * * LOW HITPOINT WARNING * * *
You feel extremely sick.
The white ugly thing attacks as it pursues you!
The white ugly thing tentacle-slaps you!
You die...

~~~~~##)#uC....#..#.##...>.......
c~~ ~##.#......#..#.##..###....#.
~~~~cJ..).c..H.#..#.##.........#.
~~~~~..........................#.
~~~~~##.#..z......#.##[......#.#.
~~~~~......D....§§..[............
~~~~~.......#§§#§§#.##.....#.#.#.
#~~~...§.....§§§§§#.##..#.##.#.#.
..~..........§§u@§§..............
#....##.#§§#§§§........).....
#....##.#....§§.....#.##.....
#....##.#..#.##.......##.#.#. #
#....##.#..#.##.#####.##.#<#.
#.#..........#.########.##.#.#.
..#.#.....#.#..#.#.............#.
..............#.#.######.#..#.#.
#.###............................


You could see a white ugly thing.

Vanquished Creatures
  Rupert (D:13)
  Kirke (Lair:4)
  An ettin (Orc:2)
  A fire dragon (Lair:5)
  The ghost of zeratav the Mimic, a journeyman OpSh of Gozag (Lair:4)
  4 hydras
  5 boulder beetles
  A centaur warrior (D:13)
  2 two-headed ogres
  Urug (D:10)
  6 death yaks (Lair:5)
  A hell hog (Lair:5)
  4 orc high priests (Orc:2)
  A lindwurm (Lair:5)
  3 orc knights (Orc:2)
  A deep elf pyromancer (D:14)
  A wolf spider (Lair:5)
  4 orc sorcerers (Orc:2)
  A salamander (Lair:2)
  An ugly thing (D:11)
  3 elephants (Lair:4)
  A cyclops (D:12)
  2 manticores (D:13)
  3 meliai (D:14)
  5 black mambas
  5 kobold blastminers
  13 cane toads
  5 torpor snails (Lair:5)
  A gargoyle (D:13)
  2 rime drakes
  5 komodo dragons
  Psyche (D:8)
  7 hornets (Lair:5)
  4 trolls
  4 tyrant leeches (Lair:5)
  8 polar bears
  15 blink frogs
  7 slime creatures
  A vampire (D:12)
  2 shadows
  4 wyverns
  A wraith (D:9)
  3 water elementals (D:14)
  60 yaks
  2 basilisks
  A hog (Lair:4)
  10 wargs
  3 steam dragons
  3 vampire mosquitoes (D:12)
  3 nagas (Lair:2)
  14 hell hounds (Lair:5)
  13 water moccasins
  3 acid dragons
  2 ice beasts (D:8)
  14 orc warriors
  8 black bears (Lair:5)
  7 ogres
  4 boggarts (Lair:5)
  20 wolves
  7 centaurs
  A kobold brigand (D:9)
  A phantom (D:4)
  11 bullfrogs
  4 scorpions
  2 gnoll sergeants
  11 wights
  16 killer bees
  An electric eel (Lair:1)
  6 howler monkeys
  26 orc priests
  A bombardier beetle (D:3)
  A gnoll bouda (D:8)
  3 hounds
  A jelly (D:4)
  2 sleepcaps (D:6)
  5 iguanas
  25 orc wizards
  12 gnolls
  10 adders
  A shadow imp (D:7)
  2 white imps
  2 ufetubi (D:5)
  2 ribbon worms
  5 dart slugs
  46 orcs
  4 endoplasms
  5 giant cockroaches
  7 goblins
  10 hobgoblins
  7 jackals
  3 quokkas
  6 ball pythons
  12 bats
  2 frilled lizards
  6 kobolds
  7 rats
  A spectral hobgoblin (D:1)
584 creatures vanquished.

Vanquished Creatures (collateral kills)
  A hydra (Lair:5)
  3 polar bears (Lair:5)
  A raiju (Lair:5)
  2 black bears (Lair:5)
  3 orc priests (Orc:2)
  3 orc wizards (Orc:2)
13 creatures vanquished.

Vanquished Creatures (others)
  A polar bear (Lair:5)
  An ice beast (D:7)
  A black bear (Lair:5)
3 creatures vanquished.

Grand Total: 600 creatures vanquished

Notes
Turn   | Place    | Note
-------+----------+-------------------------------------------
     0 | D:1      | jestert79 the Troll Brigand began the quest for the Orb.
     0 | D:1      | Reached XP level 1. HP: 19/19 MP: 0/0
   107 | D:1      | Reached skill level 1 in Unarmed Combat
   264 | D:1      | Reached XP level 2. HP: 27/27 MP: 1/1
   324 | D:1      | Reached skill level 2 in Unarmed Combat
   428 | D:1      | Found a faded altar of an unknown god.
  1072 | D:2      | Reached XP level 3. HP: 33/33 MP: 2/2
  1232 | D:2      | Reached skill level 3 in Unarmed Combat
  1383 | D:2      | Reached XP level 4. HP: 41/41 MP: 3/3
  1427 | D:2      | Reached skill level 4 in Unarmed Combat
  1991 | D:3      | Reached XP level 5. HP: 48/48 MP: 4/4
  2073 | D:3      | Reached skill level 5 in Unarmed Combat
  2544 | D:4      | Noticed an ogre
  2551 | D:4      | Killed an ogre
  2552 | D:4      | Reached skill level 6 in Unarmed Combat
  2552 | D:4      | Reached XP level 6. HP: 55/55 MP: 5/5
  2706 | D:4      | Reached skill level 7 in Unarmed Combat
  2839 | D:4      | Found a staircase to the Ecumenical Temple.
  2949 | D:5      | Entered Level 5 of the Dungeon
  2957 | D:5      | Reached XP level 7. HP: 58/62 MP: 4/6
  3005 | D:5      | Noticed a yak
  3006 | D:5      | Noticed a yak
  3023 | D:5      | Killed a yak
  3024 | D:5      | Reached skill level 8 in Unarmed Combat
  3029 | D:5      | Noticed a yak
  3031 | D:5      | Noticed a yak
  3046 | D:4      | Killed a yak
  3047 | D:4      | Reached skill level 9 in Unarmed Combat
  3093 | D:5      | Noticed zeratav's ghost (novice OpSh)
  3093 | D:5      | Found a transporter.
  3094 | D:5      | Found a transporter.
  3124 | D:5      | Reached XP level 8. HP: 70/70 MP: 7/7
  3224 | D:5      | Reached skill level 10 in Unarmed Combat
  3758 | D:6      | Reached skill level 11 in Unarmed Combat
  3976 | Temple   | Entered the Ecumenical Temple
  3993 | Temple   | Became a worshipper of Makhleb the Destroyer
  4119 | D:6      | Reached skill level 1 in Dodging
  4137 | D:6      | Reached skill level 1 in Invocations
  4240 | D:6      | Reached XP level 9. HP: 79/79 MP: 7/9
  4987 | D:7      | Identified a scroll of acquirement
  4987 | D:7      | Acquired 902 gold pieces
  5208 | D:7      | Reached * piety under Makhleb
  5237 | D:7      | Found Xaupnerr's Jewellery Shoppe.
  5241 | D:7      | Bought a ring of poison resistance for 300 gold pieces
  5241 | D:7      | Bought a ring of see invisible for 225 gold pieces
  5268 | D:7      | Found Sukipuwe's Armour Shoppe.
  5484 | D:7      | Found Movaula's Distillery.
  5503 | D:7      | Bought a potion of degeneration for 13 gold pieces
  5503 | D:7      | Bought a potion of might for 52 gold pieces
  5503 | D:7      | Bought a potion of heal wounds for 65 gold pieces
  5503 | D:7      | Bought 2 potions of heal wounds for 130 gold pieces
  5503 | D:7      | Bought a potion of berserk rage for 65 gold pieces
  5592 | D:7      | Found Yhuom's Weapon Boutique.
  5860 | D:7      | Found Ymitzod's Weapon Boutique.
  6326 | D:8      | Reached XP level 10. HP: 92/92 MP: 10/12
  6375 | D:8      | Reached skill level 12 in Unarmed Combat
  6399 | D:8      | Noticed Psyche
  6401 | D:8      | Paralysed by Psyche for 1 turns
  6408 | D:8      | Killed Psyche
  6617 | D:8      | Reached ** piety under Makhleb
  6714 | D:8      | Found a bloodstained altar of Trog.
  7129 | D:9      | Reached skill level 5 in Invocations
  7174 | D:9      | Reached skill level 5 in Fighting
  7522 | D:9      | Noticed a two-headed ogre
  7535 | D:9      | Killed a two-headed ogre
  7536 | D:9      | Reached skill level 5 in Dodging
  7894 | D:9      | Reached XP level 11. HP: 85/104 MP: 11/14
  8047 | D:10     | Entered Level 10 of the Dungeon
  8459 | D:10     | Found a staircase to the Orcish Mines.
  8491 | D:10     | Reached *** piety under Makhleb
  8541 | D:10     | Noticed Urug
  8627 | D:10     | Found a staircase to the Lair.
  8640 | D:10     | Found a hide-covered altar of Uskayaw.
  8652 | D:10     | Found a radiant altar of Vehumet.
  8760 | D:10     | Found a white marble altar of Elyvilon.
  8776 | D:10     | Reached skill level 13 in Unarmed Combat
  8829 | D:10     | Killed Urug
  9149 | D:11     | Noticed a boulder beetle
  9157 | D:11     | Killed a boulder beetle
  9250 | D:11     | Noticed a purple ugly thing
  9264 | D:11     | Killed a purple ugly thing
  9360 | D:11     | Noticed a boulder beetle
  9374 | D:11     | Killed a boulder beetle
  9375 | D:11     | Reached skill level 1 in Armour
 10210 | Lair:1   | Entered Level 1 of the Lair of Beasts
 10504 | Lair:1   | Reached **** piety under Makhleb
 10690 | Lair:1   | Reached XP level 12. HP: 115/115 MP: 14/16
 10839 | Lair:1   | Reached skill level 5 in Throwing
 11368 | D:7      | Bought the ring of Irrizxu {Will+ Int+6} for 669 gold
                  | pieces
 12162 | Lair:2   | Found a staircase to the Snake Pit.
 12713 | Lair:3   | Found a staircase to the Swamp.
 12713 | Lair:3   | Noticed a five-headed hydra
 12726 | Lair:3   | Killed a five-headed hydra
 13002 | Lair:3   | Reached skill level 14 in Unarmed Combat
 13719 | Lair:4   | Found a staircase to the Slime Pits.
 13720 | Lair:4   | Found a viscous altar of Jiyva.
 13793 | Lair:4   | Reached XP level 13. HP: 105/127 MP: 14/18
 13891 | Lair:4   | Found a runed translucent gate.
 13891 | Lair:4   | Found a runed translucent gate.
 13891 | Lair:4   | Found a runed translucent gate.
 13891 | Lair:4   | Noticed zeratav's ghost (journeyman OpSh)
 14048 | Lair:4   | Noticed Kirke
 14094 | Lair:4   | Killed Kirke
 14355 | Lair:4   | Reached ***** piety under Makhleb
 14573 | Lair:4   | Killed zeratav's ghost
 14611 | Lair:5   | Entered Level 5 of the Lair of Beasts
 15426 | Lair:5   | Identified the +5 war axe "Evant" {venom, *Rage rPois
                  | Int+3}
 16034 | Lair:5   | Reached skill level 15 in Unarmed Combat
 16138 | Lair:5   | Reached XP level 14. HP: 138/140 MP: 18/20
 16511 | Lair:5   | Reached skill level 10 in Invocations
 17173 | Orc:1    | Entered Level 1 of the Orcish Mines
 17360 | Orc:1    | You fall into a shaft and drop 1 floor!
 17360 | Orc:2    | Entered Level 2 of the Orcish Mines
 17643 | Orc:2    | Reached ****** piety under Makhleb
 18136 | Orc:2    | Found Edekityli's Antique Armour Boutique.
 18141 | Orc:2    | Found a staircase to the Elven Halls.
 18144 | Orc:2    | Bought a spiked cloak for 294 gold pieces
 18144 | Orc:2    | Identified the +2 cloak of Athuwur {rF+ Int+5} (You bought
                  | it in a shop on level 2 of the Orcish Mines)
 18727 | Orc:2    | Found Qiamidoe's Jewellery Shop.
 18727 | Orc:2    | Found Requoph's Assorted Antiques.
 18730 | Orc:2    | Found Minegon's Assorted Antiques.
 18730 | Orc:2    | Found Mywkac's Jewellery Boutique.
 18845 | Orc:2    | Reached skill level 10 in Fighting
 20221 | D:13     | Noticed Rupert
 20233 | D:13     | Killed Rupert
 20439 | D:13     | Acquired a +0 tower shield of protection
 20570 | D:14     | Reached skill level 1 in Shields
 20573 | D:14     | Reached skill level 16 in Unarmed Combat
 20849 | D:14     | Reached XP level 15. HP: 124/149 MP: 18/22
 20902 | D:14     | Noticed Nessos
 20923 | D:14     | HP: 4/149 [poisoned by Nessos]
 20923 | D:14     | Slain by a white ugly thing

Illustrated notes

Levels and vault maps discovered:
D:1:      psy_arrival_radial01, layout_loops_corners,
          dreamdust_ecumenical_altar_drowned_temple
D:2:      layout_loops_ring
D:3:      layout_basic
D:4:      layout_rooms, minmay_temple_entry_fiery
D:5:      layout_basic, gammafunk_ghost_mausoleum
D:6:      layout_loops_ring, serial_co_window_serial,
          co_window_of_opportunity_a, co_window_paths_a, co_window_corner_a,
          co_window_paths_b, co_window_corner_a, co_window_paths_a,
          co_window_paths_b, co_window_corner_a, co_window_corner_a,
          co_window_of_opportunity_c, co_window_broadway_c,
          co_window_of_opportunity_c, co_window_2corner, co_window_paths_e,
          glass_columns_b, glass_columns_a, glass_columns_a,
          dreamdust_princess_corridor
D:7:      layout_basic, serial_shops, shop, nicolae_shop_pleasant_corner_grove,
          nicolae_shop_peninsula, nicolae_shop_advertising_works
          [nicolae_subvault_shop_adworks], nicolae_lakefront_shop
D:8:      layout_loops_ring, bloody_trog, nicolae_letterblocks
          [nicolae_letter_subblock, nicolae_letter_subblock,
          nicolae_letter_subblock, nicolae_letter_subblock,
          nicolae_letter_subblock, nicolae_letter_subblock,
          nicolae_letter_subblock, nicolae_letter_subblock,
          nicolae_letter_subblock, nicolae_letter_subblock,
          nicolae_letter_subblock, nicolae_letter_subblock,
          nicolae_letter_subblock, nicolae_letter_subblock,
          nicolae_letter_subblock, nicolae_letter_subblock,
          nicolae_letter_subblock, nicolae_letter_subblock,
          nicolae_letter_subblock, nicolae_letter_subblock,
          nicolae_letter_subblock, nicolae_letter_subblock,
          nicolae_letter_subblock, nicolae_letter_subblock,
          nicolae_letter_subblock], uniq_psyche
D:9:      layout_stronghold, nicolae_concentric_dashed_squares_mild
D:10:     layout_roguey, nicolae_overflow_hidden_temple,
          mainiacjoe_overflow_surrounded_room, lair_entry_dummy, orc_0_dummy,
          nicolae_elevator_lobby_asterisk, uniq_urug
D:11:     layout_basic
D:12:     layout_long_grid, kennysheep_windowed_goal
D:13:     layout_rooms, uniq_rupert
D:14:     layout_basic, david_vaults_5, uniq_nessos
Temple:   nicolae_temple_no_exploring_needed
Lair:1:   layout_regular_city, infiniplex_staircase_pool, grunt_megastairs_3
Lair:2:   layout_long_grid, alex1729_snake_entry_snake
Lair:3:   layout_regular_city, minmay_swamp_entry_reptiles, lemuel_fruit_tree
Lair:4:   layout_regular_city, slime_entry_1, ebering_ghost_rock_garden,
          dreamdust_mushroom_princess, uniq_kirke
Lair:5:   hangedman_lair_caniforms_friends, layout_misc_corridors, wormcave,
          kilobyte_rumbling_trees
Orc:1:    layout_diamond_mine
Orc:2:    st_orc_mages, layout_caves, serial_shops, shop

Skill      XL: |  1  2  3  4  5  6  7  8  9 10 11 12 13 14 |
---------------+-------------------------------------------+-----
Unarmed Combat | 1 2 3 4 6 7 9 11 12 13 14 15 16 | 16.0
Dodging        | 1 3 5 6 7 8 |  8.0
Fighting       | 2 4 5 6 7 9 10 | 10.3
Invocations    | 1 4 5 7 8 9 11 | 11.0
Armour         | 1 4 |  4.0
Throwing       | 4 5 6 8 |  8.4
Shields        | 2 |  2.5
Short Blades   | |  1.5
Stealth        | |  2.1

Action                     |  1- 3 |  4- 6 |  7- 9 | 10-12 | 13-15 || total
---------------------------+-------+-------+-------+-------+-------++-------
  Melee: Unarmed           |    75 |   124 |   284 |   582 |   833 ||  1898
         Dagger            |     7 |       |       |       |       ||     7
         Punch             |     2 |     3 |    11 |    44 |    48 ||   108
  Throw: Dart              |       |     1 |    34 |    44 |    28 ||   107
         Boomerang         |       |       |       |    13 |    21 ||    34
         Large rock        |       |       |       |       |    17 ||    17
 Invoke: Minor Destruction |       |       |       |    12 |     1 ||    13
         Major Destruction |       |       |       |       |     6 ||     6
         Lesser Servant of |       |       |       |       |     2 ||     2
  Evoke: Wand              |       |       |       |     9 |    14 ||    23
    Use: Scroll            |       |       |    15 |    12 |    10 ||    37
         Potion            |       |       |       |     1 |     7 ||     8
   Stab: Sleeping          |     5 |     8 |     1 |     3 |       ||    17
         Distracted        |       |     1 |       |       |     1 ||     2
         Invisible         |       |       |     1 |       |       ||     1
 Armour: Robe              |    43 |    67 |   137 |    96 |       ||   343
         Acid dragon scale |       |       |       |   167 |   470 ||   637
         Skin              |       |       |       |    26 |    11 ||    37
  Dodge: Dodged            |    35 |    65 |   193 |   402 |   553 ||  1248

Table legend: (Time is in decaauts)
 A = Elapsed time spent in this place.
 B = Non-inter-level travel time spent in this place.
 C = Inter-level travel time spent in this place.
 D = Time resting spent in this place.
 E = Time spent auto-exploring this place.
 F = Levels seen in this place.
 G = Mean time per level.
                   A        B        C        D        E       F      G
               +--------+--------+--------+--------+--------+-----+--------+
         Total |  20506 |  18915 |   1591 |   1288 |  12019 |  22 |  932.1 |
       Dungeon |  12049 |  10903 |   1146 |    374 |   8269 |  14 |  860.6 |
        Temple |     24 |     18 |      6 |      0 |      0 |   1 |   24.0 |
          Lair |   6514 |   6200 |    314 |    528 |   3298 |   5 | 1302.8 |
  Orcish Mines |   1918 |   1794 |    124 |    385 |    452 |   2 |  959.0 |
               +--------+--------+--------+--------+--------+-----+--------+

Top non-repeatable levels by time:
  Lair:5: 2278 daAuts
     D:6: 1290 daAuts
  Lair:2: 1207 daAuts
    D:10: 1158 daAuts
     D:9: 1145 daAuts
     D:7: 1104 daAuts
    D:11: 1086 daAuts
   Orc:2: 1083 daAuts
  Lair:4: 1072 daAuts
     D:1: 1057 daAuts
  Lair:1: 1033 daAuts
  Lair:3: 921 daAuts
     D:8: 900 daAuts
     D:2: 843 daAuts
   Orc:1: 835 daAuts
